 Dungeon Crawl Stone Soup version 0.17-a0-1701-gf693a3f (webtiles) character file.

7240 karlkraus the Blocker (level 10, -5/91 HPs)
             Began as a Minotaur Fighter on Aug 21, 2015.
             Was a Priest of Makhleb.
             Slain by a komodo dragon (15 damage)
             ... on level 1 of the Lair of Beasts.
             The game lasted 00:18:41 (6816 turns).

karlkraus the Blocker (Minotaur Fighter)            Turns: 6816, Time: 00:18:42

Health: -5/91      AC: 28    Str: 20    XL:     10   Next: 88%
Magic:  10/10      EV:  4    Int:  5    God:    Makhleb [***...]
Gold:   574        SH: 15    Dex: 14    Spells: 0 memorised, 9 levels left

rFire  + . .     SeeInvis .     a - +1 flail
rCold  . . .     Clarity  +     B - +1 crystal plate armour
rNeg   . . .     SustAt   .     c - +0 shield
rPois  .         Gourm    .     (helmet restricted)
rElec  .         Spirit   .     b - +2 cloak
rCorr  .         Warding  .     u - +0 pair of gloves
rMut   .         Stasis   .     (no boots)
MR     .....                    (no amulet)
Stlth  ..........               h - ring of protection from fire
                                w - ring of flight

@: not resistant to hostile enchantments, extremely unstealthy
A: retaliatory headbutt, horns 2, large bone plates 1, clarity, high mp 1,
mutation resistance 1, spit poison 1
a: Spit Poison, Minor Destruction, Lesser Servant of Makhleb, Renounce Religion,
Evoke Flight


You were on level 1 of the Lair of Beasts.
You worshipped Makhleb.
Makhleb was most pleased with you.
You were hungry.

You visited 3 branches of the dungeon, and saw 11 of its levels.

You collected 574 gold pieces.

Inventory:

Hand weapons
 a - a +1 flail (weapon)
Armour
 b - a +2 cloak (worn)
 c - a +0 shield (worn)
 u - a +0 pair of gloves (worn)
 B - a +1 crystal plate armour (worn)
Jewellery
 h - a ring of protection from fire (right hand)
 w - a ring of flight (left hand)
 x - an uncursed ring of protection from fire
 y - an uncursed ring of sustain attributes {unknown}
Magical devices
 i - a wand of cold (6)
Scrolls
 d - 3 scrolls of enchant weapon
 f - 4 scrolls of identify
 k - 3 scrolls of remove curse
 n - 3 scrolls of teleportation
 o - a scroll of amnesia
 p - a scroll of fog
 v - 2 scrolls of fear
 C - 3 scrolls of recharging
Potions
 m - a potion of degeneration
 r - 2 potions of brilliance
 s - 2 potions of poison {unknown}
 t - 2 potions of haste
 z - a potion of resistance
 A - 2 potions of curing
Comestibles
 e - 6 bread rations
 g - 8 meat rations
 j - 4 beef jerkies
 l - 6 slices of pizza


   Skills:
 + Level 9.5 Fighting
 + Level 9.0 Maces & Flails
 + Level 10.9 Armour
 + Level 2.2 Dodging
 + Level 0.1 Stealth
 + Level 12.0 Shields


You had 9 spell levels left.
You didn't know any spells.

Dungeon Overview and Level Annotations

Branches:
Dungeon (9/15)             Temple (1/1) D:5            Lair (1/8) D:9
    Orc: D:9-12

Altars:
Ashenzari
Elyvilon
Fedhas
Gozag
Kikubaaqudgha
Makhleb
Okawaru
Qazlal
Ru
Sif Muna
Vehumet
Xom
Zin
The Shining One

Annotations:
D:7 Prince Ribbit


Innate Abilities, Weirdness & Mutations

You reflexively headbutt those who attack you in melee.
You have a pair of horns on your head.
You are partially covered in large bone plates (AC +2, SH +2).
You possess an exceptional clarity of mind.
You have an increased reservoir of magic (+10% MP).
You are somewhat resistant to further mutation.
You can spit weak poison.


Message History

* * * LOW HITPOINT WARNING * * *
You hit the komodo dragon but do no damage.
You headbutt the komodo dragon.
The komodo dragon is severely wounded.
The yak gores you but does no damage. You block the komodo dragon's attack.
You barely miss the komodo dragon. Your headbutt misses the komodo dragon.
The komodo dragon is severely wounded.
You block the yak's attack. The yak gores you but does no damage.
The komodo dragon bites you!
* * * LOW HITPOINT WARNING * * *
You hit the komodo dragon.
The komodo dragon is severely wounded.
You block the yak's attack. The yak gores you but does no damage.
You block the komodo dragon's attack.
You closely miss the komodo dragon.
You headbutt the komodo dragon, but do no damage.
The komodo dragon is severely wounded.
You block the yak's attack. x2
The komodo dragon bites you!
You die...

## ### ### ##
####.##.####.######.##
........................
........................
.......l................
......†@?...............
......YY................
........................
........................
........................
..##.###############P.#.
. ## ##### ........


You could see a komodo dragon and 2 yaks.

Vanquished Creatures
  Erolcha (D:9)
  A hydra (Lair:1)
  Erica (D:8)
  Maurice (D:8)
  The ghost of karlkraus the Covered, an experienced MiFi (D:4)
  Psyche (D:8)
  A human (D:7)
  3 hippogriffs
  2 hogs (D:7)
  5 yaks
  2 hungry ghosts
  An orc warrior (D:6)
  Duvessa (D:7)
  A water moccasin (Lair:1)
  A phantom (D:7)
  A sky beast (D:6)
  7 ogres
  The ghost of Urgaas the Ruffian, an average DrTm (D:3)
  An ice beast (D:9)
  A centaur (D:8)
  2 giant frogs
  A crocodile (D:8)
  Dowan (D:7)
  3 scorpions
  2 electric eels (Lair:1)
  5 wights (D:8)
  4 killer bees (D:9)
  A crimson imp (D:9)
  6 jellies
  A giant frog zombie (D:6)
  An orc priest (D:8)
  3 iguanas
  2 orc wizards
  Terence (D:3)
  A sheep (D:7)
  A worker ant zombie (D:6)
  A river rat (D:9)
  6 adders
  7 gnolls
  3 shadow imps
  An ooze (D:3)
  3 adder zombies
  An adder skeleton (D:6)
  A worm (D:5)
  5 giant geckos
  18 orcs
  3 giant cockroaches
  8 hobgoblins
  10 jackals
  7 kobolds
  4 quokkas
  9 bats
  6 giant newts
  8 goblins
  A jackal zombie (D:7)
  A quokka skeleton (D:5)
  A quokka zombie (D:7)
  10 rats
  A fungus (Lair:1)
184 creatures vanquished.

Vanquished Creatures (others)
  A fungus (D:9)
1 creature vanquished.

Grand Total: 185 creatures vanquished

Notes
Turn   | Place    | Note
--------------------------------------------------------------
     0 | D:1      | karlkraus the Minotaur Fighter began the quest for the Orb.
     0 | D:1      | Reached XP level 1. HP: 19/19 MP: 0/0
   125 | D:1      | Reached skill level 4 in Shields
   132 | D:1      | Reached XP level 2. HP: 27/27 MP: 1/1
   541 | D:2      | Reached XP level 3. HP: 33/33 MP: 2/2
   947 | D:2      | Found a blossoming altar of Fedhas.
  1059 | D:3      | Noticed Urgaas's ghost (average DrTm)
  1066 | D:3      | Killed Urgaas's ghost
  1066 | D:3      | Reached XP level 4. HP: 39/41 MP: 3/3
  1103 | D:3      | Reached XP level 5. HP: 38/47 MP: 4/4
  1119 | D:3      | Noticed Terence
  1128 | D:3      | Killed Terence
  1138 | D:3      | Reached skill level 5 in Shields
  1281 | D:3      | Reached skill level 1 in Dodging
  1649 | D:4      | Reached skill level 5 in Armour
  1984 | D:4      | Found a shimmering altar of Xom.
  2005 | D:4      | Noticed karlkraus's ghost (experienced MiFi)
  2034 | D:4      | Killed karlkraus's ghost
  2034 | D:4      | Reached skill level 5 in Fighting
  2034 | D:4      | Reached skill level 6 in Shields
  2034 | D:4      | Reached XP level 6. HP: 25/56 MP: 5/5
  2034 | D:4      | Reached XP level 7. HP: 27/61 MP: 6/6
  2326 | D:5      | Entered Level 5 of the Dungeon
  2538 | D:5      | Found a staircase to the Ecumenical Temple.
  2845 | Temple   | Entered the Ecumenical Temple
  2873 | Temple   | Became a worshipper of Makhleb the Destroyer
  2968 | D:6      | Gained mutation: You are somewhat resistant to further mutation. [mutagenic meat]
  2970 | D:6      | Gained mutation: You possess an exceptional clarity of mind. [mutagenic meat]
  3088 | D:6      | Reached skill level 5 in Maces & Flails
  3123 | D:6      | Reached XP level 8. HP: 70/70 MP: 7/7
  3160 | D:6      | Reached skill level 7 in Armour
  3572 | D:6      | Gained mutation: You have an increased reservoir of magic (+10% MP). [potion of mutation]
  3572 | D:6      | Gained mutation: You can spit weak poison. [potion of mutation]
  3734 | D:7      | Acquired Makhleb's first power
  3825 | D:7      | Noticed Prince Ribbit
  3921 | D:7      | Noticed Dowan
  3923 | D:7      | Noticed Duvessa
  3938 | D:7      | Killed Duvessa
  3943 | D:7      | Killed Dowan
  3943 | D:7      | Reached skill level 8 in Shields
  4304 | D:7      | Reached XP level 9. HP: 55/79 MP: 8/8
  4370 | D:7      | Found a glowing golden altar of the Shining One.
  4386 | D:7      | Reached skill level 9 in Shields
  4934 | D:8      | Gained mutation: You are partially covered in large bone plates (AC +2, SH +2). [potion of mutation]
  4977 | D:8      | Noticed Psyche
  4982 | D:8      | Noticed Erica
  4989 | D:8      | Killed Psyche
  5004 | D:8      | Killed Erica
  5018 | D:8      | Acquired Makhleb's second power
  5166 | D:8      | Reached skill level 10 in Shields
  5298 | D:8      | Reached XP level 10. HP: 81/90 MP: 10/10
  5357 | D:8      | Noticed Maurice
  5487 | D:8      | Killed Maurice
  5610 | D:9      | Noticed Erolcha
  5618 | D:9      | Killed Erolcha
  5618 | D:9      | Reached skill level 10 in Armour
  5676 | D:9      | Found a sacrificial altar of Ru.
  5740 | D:9      | Reached skill level 11 in Shields
  5760 | D:9      | Found a deep blue altar of Sif Muna.
  5901 | D:9      | Found a staircase to the Lair.
  5931 | D:9      | Acquired Makhleb's third power
  6096 | D:9      | Found an iron altar of Okawaru.
  6448 | Lair:1   | Entered Level 1 of the Lair of Beasts
  6469 | Lair:1   | Noticed a seven-headed hydra
  6478 | Lair:1   | Killed a seven-headed hydra
  6789 | Lair:1   | Reached skill level 12 in Shields
  6816 | Lair:1   | Slain by a komodo dragon

Vault maps used:
D:1:      minmay_arrival_semitransparent, serial_bayou_crossing
D:2:      fedhas_altar_2
D:3:      first_bread, grunt_decor_arrowhead, uniq_terence
D:4:      nicolae_overflow_crystal_walls
D:5:      minmay_temple_entry_from_below_a, kennysheep_generic_room_16
D:6:      hex_large
D:7:      tso_metal_star, grunt_livestock, corexii_item_surrounded_by_moat,
          uniq_prince_ribbit1, uniq_duvessa
D:8:      uniq_maurice, uniq_erica, uniq_psyche
D:9:      lemuel_crystal_altar, lemuel_doored_altar,
          due_lair_maze_entry_diamond, grunt_decor_one_mirror,
          okawaru_altar_gauntlet_db, uniq_erolcha
Temple:   eino_wide_crystal_templ_15
Lair:1:   dpeg_stationary_puzzle, grunt_megastairs_5

Action                   |  1- 3 |  4- 6 |  7- 9 | 10-12 || total
-------------------------+-------+-------+-------+-------++-------
Melee: Flail             |    71 |   103 |   411 |   190 ||   775
  Use: Potion            |     1 |       |    10 |       ||    11
       Scroll            |       |       |    11 |       ||    11
  Eat: Chunk             |       |     3 |    16 |     5 ||    24
       Fruit             |       |       |     2 |     2 ||     4
       Pizza             |       |       |       |     1 ||     1
